 Dungeon Crawl Stone Soup version 0.32-a0-42-ga30500b4d3 (webtiles) character file.

Game seed: 1444021125679528626

163 Atlas the Firebug (level 5, 0/36 HPs)
             Began as a Demonspawn Fire Elementalist on Jan 26, 2024.
             Slain by a gnoll
             ... wielding a +0 spear
              (5 damage)
             ... on level 4 of the Dungeon.
             The game lasted 00:03:39 (3721 turns).

Atlas the Firebug (Demonspawn Fire Elementalist)    Turns: 3721, Time: 00:03:40

Health: 0/36       AC:  5    Str:  8    XL:     5   Next: 20%
Magic:  1/8        EV: 12    Int: 18    God:
Gold:   162        SH:  0    Dex: 13    Spells: 6/9 levels left

rFire   + . .        h - +2 quarterstaff (drain)
rCold   . . .        (shield currently unavailable)
rNeg    . . .        p - +2 robe {rF+}
rPois   .            a - +0 helmet
rElec   .            (no cloak)
rCorr   .            (no gloves)
SInv    .            (no boots)
Will    .....        (no amulet)
Stlth   ++           (no ring)
HPRegen 0.26/turn    (no ring)
MPRegen 0.11/turn

%: no passive effects
@: no status effects
A: demonic guardian 1, ignite blood 1, weakness stinger 1
a: no special abilities


You were on level 4 of the Dungeon.
You visited 1 branch of the dungeon, and saw 4 of its levels.

You collected 162 gold pieces.

Inventory:

Hand Weapons
 h - a +2 quarterstaff of draining (weapon)
Missiles
 t - 6 datura-tipped darts
Armour
 a - a +0 helmet (worn)
 i - a +0 leather armour
 p - a +2 robe of fire resistance (worn)
Scrolls
 c - 2 scrolls of noise {unknown}
 d - a scroll of amnesia {unknown}
 e - 2 scrolls of immolation {unknown}
 j - 5 scrolls of identify {unknown}
 k - a scroll of teleportation {unknown}
 l - a scroll of blinking {unknown}
 n - a scroll of fear {unknown}
 q - a scroll of revelation {unknown}
 s - a scroll of fog {unknown}
Potions
 b - a potion of magic
 f - a potion of curing {unknown}
 g - a potion of heal wounds {unknown}
 m - 2 potions of attraction {unknown}
 o - 2 potions of might {unknown}
 r - a potion of lignification {unknown}


   Skills:
 + Level 0.4 Fighting
 + Level 1.3 Staves
 + Level 1.0 Armour
 + Level 2.1 Dodging
 + Level 2.2 Stealth
 + Level 2.6 Spellcasting
 + Level 1.6 Conjurations
 + Level 3.8 Fire Magic


You had 6 spell levels left.
You knew the following spells:

 Your Spells              Type           Power      Damage    Failure   Level
a - Scorch                Fire           32%        2d6       5%          2
b - Foxfire               Conj/Fire      48%        2x1d6     5%          1

Your spell library contained the following spells:

 Spells                   Type           Power      Damage    Failure   Level
 Summon Small Mammal      Summ           8%         N/A       17%         1
 Inner Flame              Hex/Fire       9%         N/A       22%         3
 Volatile Blastmotes      Fire/Tloc      18%        2d11      22%         3
 Call Canine Familiar     Summ           2%         N/A       45%         3
 Flame Wave               Conj/Fire      12%        2d6       50%         4
 Summon Blazeheart Golem  Fire/Summ      9%         N/A       58%         4


Dungeon Overview and Level Annotations

Branches:
Dungeon (4/15)
 Temple: D:4-7

Altars:
Yredelemnul


Innate Abilities, Weirdness & Mutations

A weak demonic guardian rushes to your aid.
Your demonic aura sometimes causes spilled blood to erupt in flames.
You have a small tail.


Message History

The foxfire hits the gnoll but does no damage.
The gnoll is moderately wounded.
The gnoll hits you with a +0 spear. The gnoll hits you with a +0 halberd.
You hit the gnoll.
The gnoll is heavily wounded.
The gnoll barely misses you. The gnoll misses you.
You hit the gnoll but do no damage.
The gnoll is heavily wounded.
Your shadow imp closely misses the gnoll.
The gnoll barely misses you. The gnoll hits you with a +0 spear.
Unknown command.
You hit the gnoll.
You kill the gnoll!
The gnoll hits you with a +0 spear. The iguana bites your shadow imp.
You swap places.
The endoplasm closely misses you. The iguana bites you.
Your shadow imp completely misses the gnoll.
The gnoll hits you with a +0 spear.
Things that are here:
a +0 halberd; a +0 whip; a gnoll corpse You hit the gnoll.
The gnoll is moderately wounded.
The gnoll hits you with a +0 spear. The endoplasm hits you.
Your shadow imp hits the gnoll but does no damage.
The iguana barely misses you. The gnoll hits you but does no damage.
The endoplasm closely misses you.
Your shadow imp hits the gnoll but does no damage.
The iguana barely misses you.
You closely miss the gnoll.
The gnoll is moderately wounded.
The gnoll barely misses you. The endoplasm hits you.
* * * LOW HITPOINT WARNING * * *
Your shadow imp hits the gnoll.
The iguana barely misses you.
You barely miss the gnoll.
The gnoll is heavily wounded.
Your shadow imp disappears in a puff of smoke!
The endoplasm freezes you.
You are frozen.
* * * LOW HITPOINT WARNING * * *
The iguana barely misses you. The gnoll hits you with a +0 spear.
You die...

.... ..# #...#
$.#..#..........#. .....
..!..#............
.....##..#.. #..........
........##.###..........
.........#..#...........
#....Jl##..............
#...g@#>..............
##..##ยง...........<...#
...........#[##.####....
#..(.....$.###### #..#
...........# .##
............# .
.............. .#
##........###.# #
.....#...# ...


You could see an iguana, a gnoll and an endoplasm.

Vanquished Creatures
  Jessica (D:2)
  Robin (D:2)
  3 gnolls (D:4)
  An adder (D:3)
  2 dart slugs
  A ribbon worm (D:2)
  4 bats
  9 endoplasms
  4 giant cockroaches
  14 goblins
  9 hobgoblins
  A quokka (D:3)
  7 ball pythons
  6 frilled lizards
  6 kobolds
  8 rats (D:1)
77 creatures vanquished.

Vanquished Creatures (collateral kills)
  A ribbon worm (D:3)
1 creature vanquished.

Vanquished Creatures (others)
  148 foxfires
148 creatures vanquished.

Grand Total: 226 creatures vanquished

Notes
Turn   | Place    | Note
-------+----------+-------------------------------------------
     0 | D:1      | Atlas the Demonspawn Fire Elementalist began the quest for
                  | the Orb.
     0 | D:1      | Reached XP level 1. HP: 13/13 MP: 3/3
   527 | D:1      | Gained mutation: Your demonic aura sometimes causes spilled
                  | blood to erupt in flames. [demonic ancestry]
   527 | D:1      | Reached XP level 2. HP: 19/19 MP: 0/5
   757 | D:1      | Reached skill level 3 in Fire Magic
   852 | D:1      | Learned a level 2 spell: Scorch
  1249 | D:2      | Gained mutation: You have a small tail. [demonic ancestry]
  1249 | D:2      | Reached XP level 3. HP: 24/24 MP: 0/6
  1621 | D:2      | Found a basalt altar of Yredelemnul.
  1649 | D:2      | Noticed Jessica
  1659 | D:2      | Killed Jessica
  1737 | D:2      | Gained mutation: A weak demonic guardian rushes to your
                  | aid. [demonic ancestry]
  1737 | D:2      | Reached XP level 4. HP: 31/31 MP: 3/7
  1851 | D:2      | Noticed Robin
  1859 | D:2      | Reached skill level 1 in Armour
  1862 | D:2      | Killed Robin
  1863 | D:2      | Reached skill level 1 in Staves
  2209 | D:2      | Found a faded altar of an unknown god.
  3710 | D:4      | Reached XP level 5. HP: 36/36 MP: 4/8
  3721 | D:4      | Slain by a gnoll

Illustrated notes

Levels and vault maps discovered:
D:1:      dpeg_arrival_ratfight, layout_loops_ring
D:2:      layout_rooms, hellmonk_ecumenical_altar_prayer_group, basic_altar,
          uniq_robin, uniq_jessica
D:3:      layout_loops_corners, minmay_puff
D:4:      layout_cave_pools, enter_ossuary_2

Skill      XL: |  1  2  3  4 |
---------------+-------------+-----
Stealth        | 2 |  2.2
Fire Magic     | 3 |  3.8
Dodging        | 2 |  2.1
Armour         | 1 |  1.0
Staves         | 1 |  1.3
Fighting       | |  0.4
Spellcasting   | |  2.6
Conjurations   | |  1.6

Action                     |  1- 3 |  4- 6 || total
---------------------------+-------+-------++-------
  Melee: Unarmed           |    13 |       ||    13
         Punch             |     1 |       ||     1
         Quarterstaff      |    27 |    26 ||    53
   Cast: Foxfire           |    54 |    33 ||    87
         Scorch            |     9 |    17 ||    26
   Stab: Sleeping          |       |     1 ||     1
 Armour: Robe              |     7 |    36 ||    43
         Leather armour    |    26 |       ||    26
         Skin              |     1 |       ||     1
  Dodge: Dodged            |    23 |    24 ||    47

Table legend: (Time is in decaauts)
 A = Elapsed time spent in this place.
 B = Non-inter-level travel time spent in this place.
 C = Inter-level travel time spent in this place.
 D = Time resting spent in this place.
 E = Time spent auto-exploring this place.
 F = Levels seen in this place.
 G = Mean time per level.
                   A        B        C        D        E       F      G
               +--------+--------+--------+--------+--------+-----+--------+
         Total |   3735 |   3604 |    131 |     78 |   3040 |   4 |  933.8 |
       Dungeon |   3735 |   3604 |    131 |     78 |   3040 |   4 |  933.8 |
               +--------+--------+--------+--------+--------+-----+--------+

Top non-repeatable levels by time:
     D:3: 1434 daAuts
     D:1: 1328 daAuts
     D:2: 933 daAuts
     D:4: 39 daAuts
